 Dungeon Crawl Stone Soup version 0.31-a0-521-gc7390f8997 (webtiles) character file.

Game seed: 4359983370350626546

40 javelincjr the Sneak (level 3, 0/21 HPs)
             Began as an Octopode Hedge Wizard on Aug 10, 2023.
             Succumbed to an adder's poison
             ... on level 2 of the Dungeon.
             The game lasted 00:04:07 (1202 turns).

javelincjr the Sneak (Octopode Hedge Wizard)        Turns: 1202, Time: 00:04:07

Health: 0/21       AC:  1    Str:  9    XL:     3   Next: 50%
Magic:  5/7        EV: 13    Int: 16    God:
Gold:   47         SH:  5    Dex: 11    Spells: 3/8 levels left

rFire   + . .        a - +0 dagger
rCold   + . .        (no shield)
rNeg    . . .        b - +0 hat
rPois   +            e - amulet of reflection
rElec   +            (no ring)
rCorr   +            (no ring)
SInv    .            (no ring)
Will    .....        (no ring)
Stlth   +++          (no ring)
HPRegen 0.23/turn    (no ring)
MPRegen 0.10/turn    (no ring)
                     (no ring)

%: reflection
@: lethally poisoned (0 -> -8), resistant
A: almost no armour, amphibious, 8 rings, camouflage 1, gelatinous body 1,
(nimble swimmer 1), tentacles, dopey 1, poison resistance
a: no special abilities


You were on level 2 of the Dungeon.
You visited 1 branch of the dungeon, and saw 2 of its levels.

You collected 136 gold pieces.
You spent 89 gold pieces at shops.

Inventory:

Hand Weapons
 a - a +0 dagger (weapon)
Missiles
 f - 6 poisoned darts
Armour
 b - a +0 hat (worn)
Jewellery
 e - an amulet of reflection (around mantle)
Scrolls
 d - a scroll of noise {unknown}
 h - 2 scrolls of teleportation
 j - a scroll of silence {unknown}
 l - a scroll of vulnerability {unknown}
Potions
 c - a potion of magic
 g - a potion of mutation
 k - a potion of berserk rage {unknown}


   Skills:
 + Level 2.3 Dodging
 + Level 3.3 Stealth
 + Level 3.1 Spellcasting
 + Level 1.4 Conjurations
 + Level 1.5 Summonings
 + Level 1.6 Translocations


You had 3 spell levels left.
You knew the following spells:

 Your Spells              Type           Power      Damage    Failure   Level
a - Magic Dart            Conj           28%        1d4       11%         1
b - Call Imp              Summ           14%        N/A       14%         2
c - Blink                 Tloc           14%        N/A       14%         2

Your spell library contained the following spells:

 Spells                   Type           Power      Damage    Failure   Level
 Lesser Beckoning         Tloc           14%        N/A       14%         2
 Momentum Strike          Conj/Tloc      14%        3d8       14%         2
 Slow                     Hex            8%         N/A       19%         1
 Cigotuvi's Dreadful Rot  Necr/Pois/Air  4%         N/A       28%         2
 Sublimation of Blood     Necr           2%         N/A       28%         2
 Wereblood                Tmut           2%         N/A       28%         2
 Mephitic Cloud           Conj/Pois/Air  4%         N/A       41%         3
 Summon Hydra             Summ           3%         N/A       100%        7


Dungeon Overview and Level Annotations

Branches:
Dungeon (2/15)

Altars:

Shops:
D:1 *


Innate Abilities, Weirdness & Mutations

You cannot wear most types of armour.
You are amphibious.
You can wear up to eight rings at the same time.
Your skin changes colour to match your surroundings (Stealth+).
Your rubbery body absorbs attacks. (AC +1, EV +1)
((You are camouflaged when in or above water. (Stealth+)))
You have tentacles for arms and can constrict up to eight enemies at once.
You are dopey. (Int -2)
Your system is resistant to poisons. (rPois)


Message History

No target in view!
No target in view!
An adder comes into view.
A dart slug comes into view.
You closely miss the adder.
The adder hisses angrily.
Your grab misses the adder. Your squeeze misses the adder.
The adder barely misses you.
You hit the adder. Your grab misses the adder.
The adder is lightly wounded.
The adder closely misses you. x2
You miss the adder. Your grab misses the adder. Your squeeze misses the adder.
The adder is lightly wounded.
The adder bites you.
You miss the adder. Your grab misses the adder.
The adder is lightly wounded.
You block the adder's attack.
You miss the adder. Your grab misses the adder.
The adder is lightly wounded.
The adder bites you.
You are poisoned.
The adder poisons you! The adder bites you.
You are lethally poisoned!
The adder poisons you!
Casting: Call Imp (safe; 13% risk of failure)
Confirm with . or Enter, or press ? or * to list all spells.
A tiny devil pulls itself out of the air.
You feel very sick. You block the adder's attack.
The dart slug launches a dart at you. The slug dart hits you.
* * * LOW HITPOINT WARNING * * *
It was a potion of mutation.
You feel extremely strange.
You feel stupid.
You feel resistant to poisons.
* * * LOW HITPOINT WARNING * * *
You feel sick. The adder closely misses you.
Your cerulean imp misses the adder.
It was a potion of resistance.
You feel protected.
You die...

..# ..# ..#
..## #####...#
...#..#
####.#S5#
#....@w.#
#.##.##.#.#
##.........#
#...##.#......
#...##.# #####
#...##.#
#......#
#...####
#...######


You could see an adder (ally target), a dart slug and a friendly cerulean imp
(summoned).

Vanquished Creatures
  2 dart slugs (D:1)
  3 endoplasms (D:1)
  A giant cockroach (D:1)
  A goblin (D:1)
  5 hobgoblins
  5 jackals (D:1)
  3 ball pythons (D:1)
  A bat (D:1)
  2 frilled lizards (D:1)
  A kobold (D:1)
  4 rats (D:1)
28 creatures vanquished.

Vanquished Creatures (collateral kills)
  An endoplasm (D:1)
  A hobgoblin (D:1)
  A quokka (D:1)
  A kobold (D:1)
  A rat (D:1)
5 creatures vanquished.

Grand Total: 33 creatures vanquished

Notes
Turn   | Place    | Note
-------+----------+-------------------------------------------
     0 | D:1      | javelincjr the Octopode Hedge Wizard began the quest for
                  | the Orb.
     0 | D:1      | Reached XP level 1. HP: 11/11 MP: 4/4
   176 | D:1      | Reached XP level 2. HP: 13/17 MP: 1/6
   237 | D:1      | Learned a level 2 spell: Call Imp
   240 | D:1      | Learned a level 2 spell: Blink
   458 | D:1      | Reached XP level 3. HP: 21/21 MP: 1/7
   676 | D:1      | Found Uzocwava's Assorted Antiques.
   679 | D:1      | Bought a scroll labelled BODOPO ZIVEDIB for 23 gold pieces
   679 | D:1      | Bought 2 scrolls labelled BODOPO ZIVEDIB for 46 gold pieces
   679 | D:1      | Bought a metallic puce potion for 20 gold pieces
  1201 | D:2      | Gained mutation: You are dopey. (Int -2) [potion of
                  | mutation]
  1201 | D:2      | Gained mutation: Your system is resistant to poisons.
                  | (rPois) [potion of mutation]
  1202 | D:2      | Succumbed to an adder's poison

Illustrated notes

Levels and vault maps discovered:
D:1:      saegor_arrival_simple_b, layout_basic, serial_shops,
          nicolae_shop_tiny_real_fake_doors, minmay_gold_behind_fungi,
          minmay_misc_feat_room, nrook_campfire
D:2:      layout_basic, chequers_serial_rivers_marsh

Skill      XL: |  1  2 |
---------------+-------+-----
Stealth        | 3 |  3.3
Dodging        | |  2.3
Spellcasting   | |  3.1
Conjurations   | |  1.4
Summonings     | |  1.5
Translocations | |  1.6

Action                     || total
---------------------------++-------
  Melee: Dagger            ||    65
         Tentacles         ||    14
         Constrict         ||    13
         Punch             ||     1
   Cast: Magic Dart        ||    16
         Call Imp          ||     7
    Use: Potion            ||     2
         Scroll            ||     1
   Stab: Sleeping          ||     1
 Armour: Skin              ||     4
  Dodge: Dodged            ||    39
  Block: Other             ||    13

Table legend: (Time is in decaauts)
 A = Elapsed time spent in this place.
 B = Non-inter-level travel time spent in this place.
 C = Inter-level travel time spent in this place.
 D = Time resting spent in this place.
 E = Time spent auto-exploring this place.
 F = Levels seen in this place.
 G = Mean time per level.
                   A        B        C        D        E       F      G
               +--------+--------+--------+--------+--------+-----+--------+
         Total |   1201 |   1134 |     67 |      0 |    918 |   2 |  600.5 |
       Dungeon |   1201 |   1134 |     67 |      0 |    918 |   2 |  600.5 |
               +--------+--------+--------+--------+--------+-----+--------+

Top non-repeatable levels by time:
     D:1: 1147 daAuts
     D:2: 54 daAuts
